 Dungeon Crawl Stone Soup version 0.25-a0-503-ge281fa673e (webtiles) character file.

Game seed: 11047446800362012170, levelgen mode: deterministic

679 Esekla the Magician (level 7, -2/36 HPs)
             Began as a Deep Elf Wizard on Feb 13, 2020.
             Slain by a gnoll
             ... wielding a +0 club
              (5 damage)
             ... on level 4 of the Dungeon.
             The game lasted 01:05:51 (6194 turns).

Esekla the Magician (Deep Elf Wizard)               Turns: 6194, Time: 01:05:52

Health: -2/36      AC:  3    Str:  6    XL:     7   Next: 34%
Magic:  7/20       EV: 14    Int: 23    God:
Gold:   118        SH:  0    Dex: 13    Spells: 12/21 levels left

rFire    . . .     SeeInvis .   c - +0 short sword
rCold    . . .     Gourm    .   (no shield)
rNeg     + . .     Faith    .   A - +0 robe {MR+}
rPois    +         Spirit   .   m - +0 helmet
rElec    .         Reflect  .   (no cloak)
rCorr    .         Harm     .   (no gloves)
MR       +....                  (no boots)
Stlth    ++........             (no amulet)
HPRegen  0.12/turn              x - ring of poison resistance
MPRegen  0.17/turn              v - ring of positive energy

@: very slightly contaminated, lightly drained
A: thin skeletal structure 1, clumsy 1
a: no special abilities


You were on level 4 of the Dungeon.
You were not hungry.

You visited 1 branch of the dungeon, and saw 5 of its levels.

You collected 118 gold pieces.

Inventory:

Hand Weapons
 c - a +0 short sword (weapon)
 l - a +2 dagger of draining
 o - a +0 trident
 w - a +0 falchion
Missiles
 e - 4 atropa-tipped darts
 u - 3 boomerangs
 B - 5 poisoned darts (quivered)
Armour
 a - a +0 robe
 b - a +0 hat
 m - a +0 helmet (worn)
 r - a +1 ring mail of positive energy
 A - a +0 robe of magic resistance (worn)
Jewellery
 t - an uncursed ring of flight
 v - a ring of positive energy (right hand)
 x - a ring of poison resistance (left hand)
Wands
 q - a wand of flame (8)
Scrolls
 f - 2 scrolls of enchant armour {unknown}
 i - a scroll of teleportation {unknown}
 j - 3 scrolls of remove curse
 p - a scroll of amnesia {unknown}
 s - a scroll of blinking {unknown}
 y - a scroll of noise {unknown}
Potions
 g - a potion of flight
 h - a potion of might
 k - a potion of brilliance {unknown}
 n - a potion of heal wounds
 z - a potion of haste {unknown}
 C - a potion of mutation
Comestibles
 d - 7 rations


   Skills:
 + Level 1.5(1.3) Short Blades
 * Level 4.2(4.0) Dodging
 - Level 2.4(2.2) Stealth
 * Level 7.5(7.3) Spellcasting
 + Level 2.9(2.7) Conjurations
   Level 1.1(0.9) Summonings
 * Level 2.9(2.7) Translocations
 * Level 2.0(1.8) Fire Magic
 * Level 2.3(2.1) Air Magic
 * Level 2.1(1.9) Poison Magic


You had 12 spell levels left.
You knew the following spells:

 Your Spells              Type           Power        Failure   Level  Hunger
a - Magic Dart            Conj           ###.         2%          1    None
b - Blink                 Tloc           N/A          3%          2    None
c - Mephitic Cloud        Conj/Pois/Air  ###.....     9%          3    None
f - Conjure Flame         Conj/Fire      ###.....     9%          3    None

Your spell library contained the following spells:

 Spells                   Type           Power        Failure   Level  Hunger
 Call Imp                 Summ           ##......     8%          2    None
 Slow                     Hex            #.......     11%         2    None


Dungeon Overview and Level Annotations

Branches:
Dungeon (5/15)
 Temple: D:4-7

Altars:
Jiyva

Annotations:
D:4 Grinder, Menkaure


Innate Abilities, Weirdness & Mutations

You have a somewhat thin skeletal structure. (Dex +2, Stealth)
You are clumsy. (Dex -2)


Message History

* * * LOW HITPOINT WARNING * * *
Casting: Magic Dart (safe; 2% risk of failure)
Confirm with . or Enter, or press ? or * to list all spells.
Aiming: Magic Dart (safe; 2% risk of failure)
Press: ? - help, Shift-Dir - straight line, f/p - Grinder
Aim: Grinder (severely wounded)
Okay, then.
Unknown command.
Casting: Magic Dart (safe; 2% risk of failure)
Confirm with . or Enter, or press ? or * to list all spells.
You blink.
Grinder gestures at you. You resist with almost no effort.
Grinder grins, showing sharp teeth.
Grinder blinks!
Grinder blinks!
Casting: Blink (safe; 3% risk of failure)
Confirm with . or Enter, or press ? or * to list all spells.
You blink.
The gnoll hits you with a +0 club.
You die...

#.........##>............###
##################§#..#.##
#.#..#§# #.#..#.#
#.#..#'#####
#############'##.......#
#......§.......'.......#
#......g.......#)......#
#......@.......#Z......#
###..............#g......#
#................#.......#
#.5..###.................#
#....# #.................#
#....# #.................#
#.§.§# #.................#
#....# #..........########
#....# #..........#


You could see Grinder and a gnoll.

Vanquished Creatures
  Duvessa (D:4)
  A scorpion (D:3)
  Dowan (D:4)
  A jelly (D:5)
  An iguana (D:4)
  5 orc wizards
  Ijyb (D:3)
  A worker ant (D:4)
  A worker ant zombie (D:3)
  4 gnolls (D:4)
  A howler monkey skeleton (D:3)
  4 adders
  2 oozes
  2 adder skeletons
  2 adder zombies (D:3)
  2 worms
  5 dart slugs
  5 leopard geckos
  17 orcs
  2 giant cockroaches
  10 hobgoblins
  5 jackals
  3 kobolds
  3 quokkas (D:4)
  A ball python (D:1)
  A ball python zombie (D:3)
  8 bats
  5 frilled lizards
  7 goblins
  2 leopard gecko skeletons
  A leopard gecko zombie (D:3)
  2 quokka zombies
  3 rats
110 creatures vanquished.

Notes
Turn   | Place    | Note
-------+----------+-------------------------------------------
     0 | D:1      | Esekla the Deep Elf Wizard began the quest for the Orb.
     0 | D:1      | Reached XP level 1. HP: 10/10 MP: 7/7
   196 | D:1      | Found a viscous altar of Jiyva.
   196 | D:1      | Noticed a jelly
   196 | D:1      | Noticed a jelly
   196 | D:1      | Noticed a jelly
   197 | D:1      | Noticed a jelly
   215 | D:1      | Reached XP level 2. HP: 3/15 MP: 3/9
   230 | D:1      | Learned a level 2 spell: Blink
  1083 | D:1      | Reached skill level 5 in Spellcasting
  1471 | D:1      | Reached XP level 3. HP: 18/19 MP: 0/11
  1507 | D:1      | Learned a level 3 spell: Mephitic Cloud
  1511 | D:1      | Learned a level 3 spell: Conjure Flame
  2323 | D:3      | Reached XP level 4. HP: 22/24 MP: 4/13
  2658 | D:3      | Reached skill level 6 in Spellcasting
  2830 | D:3      | Noticed Ijyb
  2843 | D:3      | Killed Ijyb
  2843 | D:3      | Reached skill level 1 in Short Blades
  2843 | D:3      | Reached skill level 1 in Fire Magic
  2843 | D:3      | Reached skill level 1 in Poison Magic
  2843 | D:3      | Reached XP level 5. HP: 28/28 MP: 2/15
  3116 | D:4      | Reached skill level 1 in Air Magic
  3313 | D:4      | Noticed Menkaure
  3453 | D:3      | You fall into a shaft and drop 1 floor!
  3925 | D:5      | Entered Level 5 of the Dungeon
  4331 | D:3      | Reached XP level 6. HP: 20/32 MP: 6/17
  5071 | D:4      | Noticed Grinder
  5080 | D:4      | Paralysed by Grinder for 5 turns
  5094 | D:3      | Reached skill level 7 in Spellcasting
  5454 | D:4      | Noticed Duvessa
  5487 | D:4      | Noticed Dowan
  5537 | D:4      | Killed Dowan
  5537 | D:4      | Reached XP level 7. HP: 19/36 MP: 5/19
  5641 | D:4      | Gained mutation: Your body sometimes deteriorates upon
                  | taking damage. [potion of mutation]
  5641 | D:4      | Gained mutation: You are clumsy. (Dex -2) [potion of
                  | mutation]
  5641 | D:4      | Gained mutation: Your mind is acute. (Int +2) [potion of
                  | mutation]
  5642 | D:4      | Lost mutation: Your mind is acute. (Int +2) [potion of
                  | mutation]
  5642 | D:4      | Lost mutation: You are clumsy. (Dex -2) [potion of
                  | mutation]
  5642 | D:4      | Lost mutation: Your body sometimes deteriorates upon taking
                  | damage. [potion of mutation]
  5642 | D:4      | Gained mutation: You are clumsy. (Dex -2) [potion of
                  | mutation]
  5642 | D:4      | Gained mutation: You have a somewhat thin skeletal
                  | structure. (Dex +2, Stealth) [potion of mutation]
  5707 | D:4      | Killed Duvessa
  6119 | D:4      | Paralysed by Grinder for 4 turns
  6173 | D:4      | Paralysed by Grinder for 3 turns
  6194 | D:4      | Slain by a gnoll

Levels and vault maps discovered:
D:1:      erik_arrival_cave_to_civilisation [erik_arrival_cave_to_temple],
          layout_basic
D:2:      layout_loops_ring, lemuel_zombie_altar_yredelemnul
D:3:      layout_loops_corners, serial_undead, serial_undead_c, serial_undead_b,
          serial_undead_d, serial_undead_c, serial_undead_e, serial_undead_d,
          serial_undead_a, hangedman_abyss_or_decor_lesser_grid,
          grunt_ministairs_15, uniq_ijyb
D:4:      layout_basic, minmay_temple_entry_fiery,
          chequers_serial_rivers_micro_a, uniq_menkaure, uniq_grinder,
          uniq_duvessa
D:5:      layout_cave_pools, grunt_temple_overflow_opulence, first_ration

Skill      XL: |  1  2  3  4  5  6  7 |
---------------+----------------------+-----
Spellcasting   | 5 6 7 |  7.5
Dodging        | 3 4 |  4.2
Conjurations   | 2 |  2.9
Short Blades   | 1 |  1.5
Fire Magic     | 1 2 |  2.0
Poison Magic   | 1 2 |  2.1
Translocations | 2 |  2.9
Air Magic      | 1 2 |  2.3
Stealth        | |  2.4
Summonings     | |  1.1

Action                   |  1- 3 |  4- 6 |  7- 9 || total
-------------------------+-------+-------+-------++-------
Melee: Short sword       |    41 |   111 |    10 ||   162
       Trident           |       |     9 |       ||     9
Throw: Dart              |       |    26 |     5 ||    31
 Cast: Magic Dart        |    73 |   136 |    39 ||   248
       Blink             |     1 |    14 |     5 ||    20
       Mephitic Cloud    |     1 |    15 |     4 ||    20
       Conjure Flame     |       |    13 |     3 ||    16
  Use: Scroll            |       |       |     4 ||     4
       Potion            |       |       |     2 ||     2
 Stab: Sleeping          |     4 |     3 |       ||     7
       Confused          |     1 |     3 |       ||     4
       Invisible         |       |     1 |       ||     1
  Eat: Chunk             |     4 |    10 |     2 ||    16
Armor: Robe              |    13 |    28 |     9 ||    50
Dodge: Dodged            |    35 |   120 |    25 ||   180

Table legend:
 A = Non-vault XP
 B = Vault XP
 C = Vault XP percentage of total XP
 D = Non-vault monster count
 E = Vault monster count
 F = Vault count percentage of total count
                 A         B        C        D         E       F
            +---------+---------+-------+---------+---------+-------
      Total |     647 |     323 |  33.3 |      94 |      16 |  14.5
            +---------+---------+-------+---------+---------+-------
        D:1 |      56 |       3 |   5.1 |      25 |       2 |   7.4
        D:2 |      32 |       0 |   0.0 |       8 |       0 |   0.0
        D:3 |     253 |      89 |  26.0 |      25 |      12 |  32.4
        D:4 |     238 |     231 |  49.3 |      29 |       2 |   6.5
        D:5 |      68 |       0 |   0.0 |       7 |       0 |   0.0
            +---------+---------+-------+---------+---------+-------
